 Dungeon Crawl Stone Soup version 0.25-a0-632-g7713895373 (webtiles) character file.

Game seed: 14440069883643603355, levelgen mode: classic

1227 EnegeticOcto the Slasher (level 8, -7/55 HPs)
             Began as an Octopode Fighter on Mar 19, 2020.
             Was a Believer of Ru.
             Mangled by an orc warrior
             ... wielding a +1 vorpal war axe
              (27 damage)
             ... on level 6 of the Dungeon.
             The game lasted 00:04:59 (5726 turns).

EnegeticOcto the Slasher (Octopode Fighter)         Turns: 5726, Time: 00:04:59

Health: -7/55      AC:  1    Str: 13    XL:     8   Next: 48%
Magic:  8/8        EV: 14    Int: 11    God:    Ru [**....]
Gold:   225        SH: 10    Dex: 13    Spells: 7/7 levels left

rFire    . . .     SeeInvis .   a - +1 long sword
rCold    . . .     Gourm    .   b - +1 kite shield
rNeg     . . .     Faith    .   (helmet restricted)
rPois    .         Spirit   .   (no amulet)
rElec    +         Reflect  .   (no ring)
rCorr    .         Harm     .   (no ring)
MR       .....                  (no ring)
Stlth    ++........             (no ring)
HPRegen  0.18/turn              (no ring)
MPRegen  0.11/turn              (no ring)
                                (no ring)
                                (no ring)

@: no status effects
A: almost no armour, stealthy swim, amphibious, 8 rings, constrict 8, camouflage
1, electricity resistance, weak 1, gelatinous body 1, subdued magic 1, inability
to use devices
a: Renounce Religion


You were on level 6 of the Dungeon.
You worshipped Ru.
Ru was pleased with you.
You were not hungry.

You visited 2 branches of the dungeon, and saw 7 of its levels.
You also visited: Ossuary.

You collected 225 gold pieces.

Inventory:

Hand Weapons
 a - a +1 long sword (weapon)
Armour
 b - a +1 kite shield (worn)
Jewellery
 l - an uncursed ring of ice
Wands
 c - a wand of enslavement (7)
Scrolls
 g - 4 scrolls of identify {@r1}
 i - 5 scrolls of remove curse {@r6}
 j - 6 scrolls of teleportation {@r2}
 m - a scroll of fear
 n - 2 scrolls of enchant weapon
 o - a scroll of enchant armour
 s - 2 scrolls of vulnerability
 v - a scroll of magic mapping {@r5}
Potions
 d - 2 potions of curing {@q1}
 f - a potion of ambrosia
 h - 2 potions of lignification {@q7}
 k - 3 potions of might {@q3}
 p - a potion of haste {unknown}
 q - a potion of brilliance
 r - a potion of flight
 t - 2 potions of heal wounds {@q2}
Comestibles
 e - 14 rations
 u - a chunk of flesh


   Skills:
 + Level 5.2 Fighting
 * Level 6.5 Long Blades
 + Level 5.3 Dodging
 + Level 5.2 Shields
   Level 0.0 Evocations


You had 7 spell levels left.
You didn't know any spells.
Your spell library was empty.

Dungeon Overview and Level Annotations

Branches:
Dungeon (6/15)             Temple (1/1) D:4         Ossuary (visited)

Altars:
Ashenzari
Cheibriados
Fedhas
Ru
Sif Muna
Xom
Zin
The Shining One

Annotations:
D:3 4 runed translucent doors, Crazy Yiuf; Flugslaktarn's ghost, weakling MiFi


Innate Abilities, Weirdness & Mutations

You cannot wear most types of armour.
You are very stealthy in the water. (Stealth+)
You are amphibious.
You can wear up to eight rings at the same time.
You can use your tentacles to constrict eight enemies at once.
Your skin changes colour to match your surroundings (Stealth+).
Your rubbery body absorbs attacks. (AC +1, EV +1)
You cannot study or use magical devices.
You are resistant to electric shocks. (rElec)
You are weak. (Str -2)
Your spells are a little easier to cast, but a little less powerful.


Message History

The puff of flame hits you!
You focus your will and illuminate the orc wizard in retribution!
You hit the orc wizard but do no damage.
You grab the orc wizard. You constrict the orc wizard.
The orc closely misses you.
You riposte.
You hit the orc. You grab the orc. You squeeze the orc, but do no damage.
The orc is heavily wounded.
You block the orc wizard's attack.
Your shield prevents you from hitting the orc.
You squeeze the orc.
You kill the orc!
You constrict the orc wizard.
The orc wizard is stunned by your will and fails to attack.
The orc wizard barely misses you.
You slash the orc wizard!
The orc wizard is severely wounded.
You constrict the orc wizard, but do no damage.
You block the orc wizard's attack. The orc hits you with a +0 mace.
You redirect the orc wizard's attack!
You block the orc wizard's attack.
You hit the orc wizard.
You kill the orc wizard!
The orc wizard hits you with a +0 dagger.
The orc completely misses you.
You riposte.
You hit the orc. Your grab misses the orc.
The orc is lightly wounded.
You hit the orc. Your grab misses the orc.
The orc is heavily wounded.
You block the orc wizard's attack. The orc hits you with a +0 mace.
You hit the orc.
You kill the orc!
The orc wizard closely misses you.
You hit the orc wizard. Your grab misses the orc wizard.
Your squeeze misses the orc wizard.
The orc wizard is lightly wounded.
You block the orc wizard's attack.
You closely miss the orc wizard. Your grab misses the orc wizard.
The orc wizard is lightly wounded.
The orc wizard hits you with a +0 dagger.
A hound comes into view.
You block the orc wizard's attack.
You closely miss the orc wizard.
The hound barks!
Your grab misses the orc wizard.
The orc wizard is lightly wounded.
You block the orc wizard's attack.
You closely miss the orc wizard. Your grab misses the orc wizard.
The orc wizard is lightly wounded.
The orc wizard hits you with a +0 dagger.
You slash the orc wizard! You grab the orc wizard.
The orc wizard is severely wounded.
You constrict the orc wizard.
The orc wizard casts a spell.
The orc wizard flickers and vanishes!
Deactivating autopickup; reactivate with Ctrl-A.
You hit the hound but do no damage. Your grab misses the hound.
Your squeeze misses the hound. You constrict something.
Reactivating autopickup.
You feel a bit more experienced. The hound misses you.
You redirect the hound's attack!
The hound barely misses itself.
You hit the hound. You grab the hound. You squeeze the hound!
The hound is almost dead.
You constrict the hound.
You kill the hound!
No target in view!
No target in view!
No target in view!
No target in view!
No target in view!
No target in view!
No target in view!
An orc warrior comes into view. It is wielding a +1 vorpal war axe.
An orc warrior is nearby!
An orc wizard comes into view. It is wielding a +0 dagger.
Items here: )) [ † a +0 mace; a +0 hand axe; a +0 ring mail; an orc corpse An orc comes into view.
It is wielding a +0 dagger.
The orc wizard shouts!
The orc warrior shouts!
Found a scroll of teleportation.
The orc warrior hits you with a +1 vorpal war axe!
You are too injured to fight recklessly!
You are too injured to fight recklessly!
You are too injured to fight recklessly!
You are too injured to fight recklessly!
You are too injured to fight recklessly!
You are too injured to fight recklessly!
You are too injured to fight recklessly!
You are too injured to fight recklessly!
You are too injured to fight recklessly!
Press: ? - help, v - describe, . - travel
Here: an orc warrior, wielding a +1 vorpal war axe and wearing a +0 chain mail The floor.
Unknown command.
Okay, then.
Items here: )) [ † a +0 mace; a +0 hand axe; a +0 ring mail; an orc corpse
There is a stone staircase leading up, spattered with blood here.
The orc warrior hits you with a +1 vorpal war axe!!
You die...

.# .# ##.## ##.
###...#
....#####...##
..?....@o....# .#
#......)o.o..##..#
.................##
..................#
##!................
###...............
###.......####..
##.....## . ##....#


You could see an orc warrior, an orc wizard and an orc.

Vanquished Creatures
  Sigmund (D:3)
  A water moccasin (D:5)
  An elf zombie (Ossuary)
  A scorpion (D:4)
  A centaur zombie (Ossuary)
  4 orc priests
  A human zombie (D:5)
  A hound (D:6)
  Terence (D:3)
  2 iguanas
  9 orc wizards
  A human skeleton (D:5)
  2 worker ants (D:4)
  A killer bee zombie (D:6)
  A mummy (Ossuary)
  5 adders
  2 shadow imps
  2 oozes
  An adder skeleton (D:4)
  3 worms
  4 dart slugs
  34 orcs
  9 bats
  5 giant cockroaches
  2 hobgoblins
  5 jackals
  4 kobolds
  A quokka (D:4)
  3 ball pythons
  3 frilled lizards
  4 goblins
  A leopard gecko skeleton (D:4)
  3 orc skeletons (D:5)
  An orc zombie (D:5)
  12 rats
132 creatures vanquished.

Vanquished Creatures (others)
  An adder zombie (D:6)
1 creature vanquished.

Grand Total: 133 creatures vanquished

Notes
Turn   | Place    | Note
-------+----------+-------------------------------------------
     0 | D:1      | EnegeticOcto the Octopode Fighter began the quest for the
                  | Orb.
     0 | D:1      | Reached XP level 1. HP: 16/16 MP: 1/1
   111 | D:1      | Reached XP level 2. HP: 21/21 MP: 2/2
   565 | D:1      | Reached XP level 3. HP: 22/26 MP: 3/3
  1096 | D:2      | Reached skill level 3 in Long Blades
  1246 | D:2      | Reached XP level 4. HP: 31/31 MP: 4/4
  1420 | D:3      | Noticed Terence
  1588 | D:3      | Noticed Sigmund
  1596 | D:2      | Reached XP level 5. HP: 10/36 MP: 5/5
  1887 | D:3      | Killed Terence
  1948 | D:3      | Killed Sigmund
  1948 | D:3      | Reached skill level 4 in Long Blades
  1948 | D:3      | Reached XP level 6. HP: 34/43 MP: 6/6
  2220 | D:3      | Found a runed translucent gate.
  2220 | D:3      | Found a runed translucent gate.
  2238 | D:3      | Found a runed translucent gate.
  2240 | D:3      | Noticed Flugslaktarn's ghost (weakling MiFi)
  2415 | D:3      | Found a runed translucent door.
  2416 | D:3      | Noticed Crazy Yiuf
  3087 | D:4      | Found a staircase to the Ecumenical Temple.
  3120 | Temple   | Entered the Ecumenical Temple
  3126 | Temple   | Became a worshipper of Ru the Awakened
  3286 | D:4      | Reached XP level 7. HP: 40/48 MP: 7/7
  3291 | D:4      | Reached skill level 5 in Long Blades
  4086 | D:5      | Entered Level 5 of the Dungeon
  4569 | D:5      | Reached skill level 1 in Evocations
  4569 | D:5      | Reached XP level 8. HP: 54/54 MP: 8/8
  4607 | D:5      | Gained mutation: You cannot study or use magical devices.
                  | [Ru sacrifice]
  4607 | D:5      | Reached * piety under Ru
  4607 | D:5      | Reached ** piety under Ru
  4639 | D:5      | Found a sand-covered staircase.
  4643 | Ossuary  | Entered an ossuary
  4700 | Ossuary  | Reached skill level 6 in Long Blades
  4700 | Ossuary  | Reached skill level 5 in Dodging
  4700 | Ossuary  | Reached skill level 5 in Shields
  4703 | Ossuary  | Reached skill level 5 in Fighting
  4827 | D:5      | Gained mutation: Your spells are a little easier to cast,
                  | but a little less powerful. [potion of mutation]
  4827 | D:5      | Gained mutation: You are weak. (Str -2) [potion of
                  | mutation]
  4827 | D:5      | Gained mutation: You are resistant to electric shocks.
                  | (rElec) [potion of mutation]
  5601 | D:6      | Noticed a seven-headed hydra
  5726 | D:6      | Mangled by an orc warrior

Levels and vault maps discovered:
D:1:      onia_arrival_pyramid, layout_basic,
          hangedman_abyss_or_decor_lesser_grid
D:2:      layout_loops_ring, first_ration
D:3:      layout_rooms, gammafunk_ghost_split, serial_curves, eino_curves_02,
          eino_curves_01, kennysheep_generic_room_8, uniq_sigmund, uniq_terence,
          uniq_crazy_yiuf_cottage
D:4:      layout_cave_pods, minmay_temple_entry_drinking_statues,
          hangedman_decor_lopped
D:5:      layout_rooms, nicolae_ossuary_entry_catacombs
D:6:      layout_layer_cave, kennysheep_mini, minmay_microvault
Temple:   eino_narrow_crystal_temple

Skill      XL: |  1  2  3  4  5  6  7  8 |
---------------+-------------------------+-----
Long Blades    | 3 4 5 6 |  6.5
Fighting       | 4 5 |  5.2
Dodging        | 4 5 |  5.3
Shields        | 4 5 |  5.2
Evocations     | 1 0 |  0.0

Action                   |  1- 3 |  4- 6 |  7- 9 || total
-------------------------+-------+-------+-------++-------
Melee: Long sword        |    57 |    94 |   132 ||   283
       Constrict         |    22 |    30 |    41 ||    93
       Tentacles         |    12 |    21 |    37 ||    70
Invok: Sacrifice Artific |       |       |     1 ||     1
  Use: Scroll            |       |     9 |     8 ||    17
       Potion            |       |     1 |     3 ||     4
 Stab: Sleeping          |     8 |     2 |     3 ||    13
       Distracted        |       |     1 |     2 ||     3
  Eat: Chunk             |     1 |     3 |     5 ||     9
       Ration            |       |     1 |     1 ||     2
Armor: Skin              |     8 |     2 |     2 ||    12
Dodge: Dodged            |    22 |    47 |    57 ||   126
Block: Kite shield       |    22 |    50 |    63 ||   135
       Rpst.: Long sword |     5 |    18 |    19 ||    42

Table legend:
 A = Non-vault XP
 B = Vault XP
 C = Vault XP percentage of total XP
 D = Non-vault monster count
 E = Vault monster count
 F = Vault count percentage of total count
                 A         B        C        D         E       F
            +---------+---------+-------+---------+---------+-------
      Total |    1264 |     489 |  27.9 |     122 |      11 |   8.3
            +---------+---------+-------+---------+---------+-------
        D:1 |      41 |       0 |   0.0 |      21 |       0 |   0.0
        D:2 |      79 |       0 |   0.0 |      18 |       0 |   0.0
        D:3 |     157 |     259 |  62.3 |      24 |       2 |   7.7
        D:4 |     394 |       0 |   0.0 |      25 |       0 |   0.0
        D:5 |     380 |      78 |  17.0 |      20 |       6 |  23.1
        D:6 |     213 |       0 |   0.0 |      14 |       0 |   0.0
    Ossuary |       0 |     152 | 100.0 |       0 |       3 | 100.0
            +---------+---------+-------+---------+---------+-------
